 Dungeon Crawl Stone Soup version 0.25-a0-504-g768f60da87 (webtiles) character file.

Game seed: 11227270395014468440, levelgen mode: deterministic

59 Emblim88 the Covered (level 4, -1/29 HPs)
             Began as a Gargoyle Fighter on Feb 14, 2020.
             Slain by a gnoll (5 damage)
             ... on level 2 of the Dungeon.
             The game lasted 00:02:22 (1175 turns).

Emblim88 the Covered (Gargoyle Fighter)             Turns: 1175, Time: 00:02:23

Health: -1/29      AC: 15    Str: 25    XL:     4   Next: 3%
Magic:  4/4        EV:  4    Int:  9    God:
Gold:   32         SH:  9    Dex:  9    Spells: 3/3 levels left

rFire    . . .     SeeInvis .   a - +0 flail
rCold    . . .     Gourm    .   c - +0 kite shield
rNeg     + . .     Faith    .   k - +0 plate armour
rPois    ∞         Spirit   .   (no helmet)
rElec    +         Reflect  .   (no cloak)
rCorr    .         Harm     .   (no gloves)
MR       .....                  (no boots)
Stlth    ..........             h - amulet of the acrobat
HPRegen  0.09/turn              (no ring)
MPRegen  0.09/turn              (no ring)

@: mighty
A: negative energy resistance 1, electricity resistance, unbreathing,
petrification resistance, rot immunity, AC +3
a: no special abilities


You were on level 2 of the Dungeon.
You were not hungry.

You visited 1 branch of the dungeon, and saw 2 of its levels.

You collected 32 gold pieces.

Inventory:

Hand Weapons
 a - a +0 flail (weapon)
Missiles
 l - a throwing net (quivered)
Armour
 b - a +0 scale mail
 c - a +0 kite shield (worn)
 i - a +0 chain mail
 k - a +0 plate armour (worn)
Jewellery
 h - an amulet of the acrobat (around neck)
Scrolls
 e - a scroll of teleportation {unknown}
 g - 3 scrolls of fear {unknown}
Comestibles
 f - 3 rations


   Skills:
 + Level 3.7 Fighting
 + Level 2.5 Maces & Flails
 * Level 4.2 Armour
 + Level 3.7 Shields


You had 3 spell levels left.
You didn't know any spells.
Your spell library was empty.

Dungeon Overview and Level Annotations

Branches:
Dungeon (2/15)

Altars:


Innate Abilities, Weirdness & Mutations

You are resistant to torment.
Your stone body is resilient. (AC +3)
You are immune to poison.
You resist negative energy. (rN+)
You are resistant to electric shocks. (rElec)
You can survive without breathing.
You are immune to petrification.
You are immune to rotting.


Message History

You block the bat's attack. x2; The gnoll hits you but does no damage.
The gnoll hits you. The gnoll completely misses you.
You block the bat's attack. You block the gnoll's attack.
Your shield and plate armour prevent you from hitting the gnoll.
You block the bat's attack. The bat barely misses you.
The gnoll barely misses you. The gnoll hits you.
* * * LOW HITPOINT WARNING * * *
You block the bat's attack.
You closely miss the gnoll. The bat hits you but does no damage.
You block the bat's attack. You block the gnoll's attack.
The gnoll hits you with a +0 halberd.
* * * LOW HITPOINT WARNING * * *
The gnoll hits you.
* * * LOW HITPOINT WARNING * * *
You hit the gnoll.
The gnoll is lightly wounded.
You block the bat's attack. The bat hits you but does no damage.
The gnoll completely misses you. The gnoll hits you.
You die...

# #. #.<
###..
......####
.......†)##
......##..#
..... ##g#
.... #@##
..< #bg# #.
.####b# #
.. #.#
#.##.##
#..#..#
#.##.######
#.........#
#.........#


You could see 2 gnolls and 2 bats.

Vanquished Creatures
  2 gnolls (D:2)
  A worm (D:2)
  4 dart slugs (D:1)
  3 hobgoblins (D:1)
  4 jackals (D:1)
  A ball python (D:2)
  3 bats (D:1)
  4 frilled lizards
  A goblin (D:1)
  5 kobolds (D:1)
  4 rats (D:1)
32 creatures vanquished.

Notes
Turn   | Place    | Note
-------+----------+-------------------------------------------
     0 | D:1      | Emblim88 the Gargoyle Fighter began the quest for the Orb.
     0 | D:1      | Reached XP level 1. HP: 14/14 MP: 1/1
    46 | D:1      | Reached XP level 2. HP: 16/19 MP: 2/2
   550 | D:1      | Reached XP level 3. HP: 23/23 MP: 3/3
  1141 | D:2      | Reached skill level 4 in Armour
  1156 | D:2      | Reached XP level 4. HP: 25/29 MP: 4/4
  1175 | D:2      | Slain by a gnoll

Levels and vault maps discovered:
D:1:      scummos_arrival_checkerplants, layout_basic, minmay_bisected
D:2:      layout_rooms, old_standard_altar, eat_drink_and_be_merry_uskayaw,
          minmay_tromino_v7, uniq_jessica, uniq_terence

Skill      XL: |  1  2  3 |
---------------+----------+-----
Armour         | 4 |  4.2
Fighting       | |  3.7
Maces & Flails | |  2.5
Shields        | |  3.7

Action                   |  1- 3 |  4- 6 || total
-------------------------+-------+-------++-------
Melee: Flail             |   116 |    10 ||   126
  Use: Potion            |       |     2 ||     2
  Eat: Chunk             |     1 |       ||     1
Armor: Scale mail        |    15 |       ||    15
       Chain mail        |    37 |       ||    37
       Plate armour      |     9 |    16 ||    25
Dodge: Dodged            |    42 |    11 ||    53
Block: Kite shield       |    71 |    22 ||    93

Table legend:
 A = Non-vault XP
 B = Vault XP
 C = Vault XP percentage of total XP
 D = Non-vault monster count
 E = Vault monster count
 F = Vault count percentage of total count
                 A         B        C        D         E       F
            +---------+---------+-------+---------+---------+-------
      Total |      79 |       6 |   7.1 |      29 |       3 |   9.4
            +---------+---------+-------+---------+---------+-------
        D:1 |      42 |       6 |  12.5 |      24 |       3 |  11.1
        D:2 |      37 |       0 |   0.0 |       5 |       0 |   0.0
            +---------+---------+-------+---------+---------+-------
